 Dungeon Sprint DCSS version 0.27-a0-887-gcab673c142 (webtiles) character file.

Game seed: 981975647512765846

6912 rocky1 the Fighter (level 11, -2/90 HPs)
             Began as a Djinni Ice Elementalist on Apr 3, 2021.
             Was the Champion of Makhleb.
             Slain by a freezing wraith (7 damage)
             ... in the Dungeon (Sprint VII: "The Pits") on Apr 4, 2021.
             The game lasted 00:19:21 (3329 turns).

rocky1 the Fighter (Djinni Ice Elementalist)        Turns: 3329, Time: 00:19:22

Health: -2/90      AC: 19    Str:  7    XL:     11   Next: 7%
Gold:   0          EV: 17    Int: 21    God:    Makhleb [******] SH:  0 Dex: 16

rFire    + + .     SeeInvis .   a - +2 scimitar (flame)
rCold    x . .     Faith    .   (no shield)
rNeg     . . .     Spirit   .   p - +5 ring mail
rPois    ∞         Reflect  .   (no helmet)
rElec    .         Harm     .   (no cloak)
rCorr    .         Rampage  .   o - +0 pair of gloves
Will     +....     NoTele   +   (boots unavailable)
Stlth    ++........             (no amulet)
HPRegen  0.25/turn              l - +3 ring of evasion
MPRegen  0.00/turn              m - +3 ring of dexterity

@: ice-armoured, frozen ramparts, flying
A: fire resistance 2, cold vulnerability 1, float, innate caster, hp casting,
extra vitality 1
a: Renounce Religion, Minor Destruction, Lesser Servant of Makhleb, Major
Destruction, Greater Servant of Makhleb


You were in the Dungeon.
You worshipped Makhleb.
Makhleb was exalted by your worship.
You visited 1 branch

Inventory:

Hand Weapons
 a - a +2 scimitar of flaming (weapon)
 k - a +0 long sword of holy wrath
Armour
 o - a +0 pair of gloves (worn)
 p - a +5 ring mail (worn)
Jewellery
 l - a +3 ring of evasion (left hand)
 m - a +3 ring of dexterity (right hand)
Scrolls
 g - a scroll of blinking
 i - a scroll of summoning
Potions
 b - 2 potions of magic
 c - 7 potions of curing
 d - 10 potions of heal wounds
 e - a potion of haste
 f - a potion of berserk rage
 h - 2 potions of invisibility
 j - a potion of ambrosia {unknown}
 n - a potion of resistance


   Skills:
 + Level 12.5 Fighting
 + Level 8.3 Long Blades
 + Level 9.0 Armour
 + Level 11.0 Dodging
 - Level 3.9 Stealth
 + Level 11.3 Spellcasting
 + Level 10.0 Invocations


You had 4 spell levels left.
You knew the following spells:

 Your Spells              Type           Power      Damage    Failure   Level
a - Freeze                Ice            100%       1d11      1%          1
b - Frozen Ramparts       Ice            100%       1d12      1%          3
c - Ozocubu's Armour      Ice            56%        N/A       1%          3
d - Hailstorm             Conj/Ice       56%        3d12      1%          4
e - Summon Ice Beast      Ice/Summ       56%        N/A       1%          4
f - Foxfire               Conj/Fire      100%       2x1d9     1%          1
g - Searing Ray           Conj           100%       3d7       1%          2
h - Corpse Rot            Necr/Air       N/A        N/A       1%          2
i - Conjure Flame         Conj/Fire      56%        6-21      1%          3
j - Fireball              Conj/Fire      28%        3d12      4%          5
Your spell library was empty.

Dungeon Overview and Level Annotations

Branches:
Dungeon (1/1)

Altars:
Ashenzari
Cheibriados
Dithmenos
Elyvilon
Fedhas
Gozag
Hepliaklqana
Kikubaaqudgha
Makhleb
Nemelex Xobeh
Okawaru
Qazlal
Ru
Sif Muna
Trog
Uskayaw
Vehumet
Wu Jian
Xom
Yredelemnul
Zin
The Shining One
Beogh
Jiyva
Lugonu


Innate Abilities, Weirdness & Mutations

You are immune to poison.
Your flesh is very heat resistant. (rF++)
You are vulnerable to cold. (rC-)
You float through the air rather than walking.
You learn spells naturally, not from books.
Your magical power is your life essence.
You have superior vitality. (+4 HP)


Message History

Your Dodging skill increases to level 11!
Your Invocations skill increases to level 10!
You feel much better. The freezing wraith hits you.
The freezing wraith freezes you!!
You feel a terrible chill!
* * * LOW HITPOINT WARNING * * *
The freezing wraith barely misses you. The endoplasm freezes you.
You are frozen.
* * * LOW HITPOINT WARNING * * *
You feel much better. The freezing wraith barely misses you.
The freezing wraith closely misses you. The endoplasm closely misses you.
You riposte.
You barely miss the endoplasm.
Unknown command.
You hit the freezing wraith but do no damage.
The freezing wraith is severely damaged.
The freezing wraith hits you but does no damage.
The freezing wraith barely misses you.
A basilisk comes into view.
The endoplasm closely misses you.
You hit the freezing wraith. You burn the freezing wraith.
The freezing wraith is severely damaged.
The freezing wraith barely misses you.
The freezing wraith hits you but does no damage.
The endoplasm freezes you.
You are frozen!
You feel a terrible chill!
Unknown command.
Casting: Frozen Ramparts (safe; 1% risk of failure)
Confirm with . or Enter, or press ? or * to list all spells.
Casting: Frozen Ramparts (safe; 1% risk of failure)
Press: ? - help, Dir - look around, f - activate The walls around you are covered in ice.
* * * LOW HITPOINT WARNING * * *
The freezing wraith completely resists.
The wall freezes the freezing wraith but does no damage.
The freezing wraith hits you.
* * * LOW HITPOINT WARNING * * *
The freezing wraith freezes you!!
You feel a terrible chill!
* * * LOW HITPOINT WARNING * * *
The freezing wraith hits you!
You die...

......# ......# '######
'############# #####
.....#...+....###...#
...###...###...#...#
..##.'...')##.....# #
.##..##'##..##...## .##F
.#..##...##..'.†@# ..o..
.#..#.....#..#.JW#....#.
.'..'.....'..'..)l.....o
.#..#.....#..#...#....#.
.#..##...##..'...#......
)##..##+##..##..÷##..##.
..##.+.))'.##.....####
...###..)###...#...#
.....#...'....###...#


You could see a freezing wraith, a basilisk and an endoplasm.

Vanquished Creatures
  Erolcha (D)
  A bog body (D)
  A phantasmal warrior (D)
  An orc sorcerer (D)
  A black mamba (D)
  An orange demon (D)
  A cane toad (D)
  A jumping spider (D)
  A tyrant leech (D)
  5 blink frogs (D)
  A snapping turtle (D)
  A flying skull (D)
  A redback (D)
  2 spriggans (D)
  A shadow (D)
  2 fire bats (D)
  A wandering mushroom (D)
  A warg (D)
  A water moccasin (D)
  A floating eye (D)
  An ice beast (D)
  An orc warrior (D)
  A centaur (D)
  2 wolves (D)
  A gnoll sergeant (D)
  7 killer bees (D)
  A crimson imp (D)
  2 orc wizards (D)
  A hell rat (D)
  A gnoll (D)
  A river rat (D)
  An adder (D)
  An adder skeleton (D)
  7 orcs (D)
  A ball python (D)
  A bat skeleton (D)
  An endoplasm (D)
  2 goblins (D)
  A hobgoblin (D)
  3 jackals (D)
  A kobold (D)
  4 quokkas (D)
  2 bats (D)
70 creatures vanquished.

Vanquished Creatures (others)
  23 foxfires (D)
23 creatures vanquished.

Grand Total: 93 creatures vanquished

Notes
Turn   | Place    | Note
-------+----------+-------------------------------------------
     0 | D        | rocky1 the Djinni Ice Elementalist began the quest for the
                  | Orb.
     0 | D        | Reached XP level 1. HP: 15/15 MP: 0/0
    42 | D        | Found a bloodstained altar of Trog.
    42 | D        | Found a viscous altar of Jiyva.
    42 | D        | Found a hazy altar of Hepliaklqana.
    42 | D        | Found an opulent altar of Gozag.
    43 | D        | Found a glowing golden altar of the Shining One.
    43 | D        | Found a glowing silver altar of Zin.
    43 | D        | Found a basalt altar of Yredelemnul.
    43 | D        | Found a shimmering altar of Xom.
    43 | D        | Found an ornate altar of the Wu Jian Council.
    43 | D        | Found a sacrificial altar of Ru.
    43 | D        | Found a stormy altar of Qazlal.
    43 | D        | Found an iron altar of Okawaru.
    43 | D        | Found a sparkling altar of Nemelex Xobeh.
    43 | D        | Found a burning altar of Makhleb.
    43 | D        | Found a blossoming altar of Fedhas.
    43 | D        | Found a white marble altar of Elyvilon.
    43 | D        | Found a shadowy altar of Dithmenos.
    43 | D        | Found a snail-covered altar of Cheibriados.
    47 | D        | Found a corrupted altar of Lugonu.
    48 | D        | Found a broken altar of Ashenzari.
    48 | D        | Found a hide-covered altar of Uskayaw.
    55 | D        | Became a worshipper of Makhleb the Destroyer
    80 | D        | Reached skill level 1 in Fighting
   126 | D        | Reached * piety under Makhleb
   149 | D        | Reached skill level 1 in Invocations
   149 | D        | Reached XP level 2. HP: 15/23 MP: 0/0
   385 | D        | Reached skill level 2 in Fighting
   387 | D        | Reached ** piety under Makhleb
   388 | D        | Reached XP level 3. HP: 15/29 MP: 0/0
   388 | D        | Learned a level 1 spell: Foxfire
   538 | D        | Noticed a fire bat
   543 | D        | Killed a fire bat
   544 | D        | Reached skill level 5 in Fighting
   544 | D        | Reached XP level 4. HP: 27/39 MP: 0/0
   544 | D        | Reached XP level 5. HP: 30/43 MP: 0/0
   544 | D        | Learned a level 2 spell: Searing Ray
   687 | D        | Noticed an ice beast
   688 | D        | Noticed a floating eye
   690 | D        | Noticed a warg
   704 | D        | Paralysed by a floating eye for 3 turns
   710 | D        | Paralysed by a floating eye for 2 turns
   714 | D        | Killed an ice beast
   715 | D        | Reached skill level 6 in Fighting
   715 | D        | Reached skill level 1 in Long Blades
   715 | D        | Reached skill level 1 in Armour
   715 | D        | Reached skill level 5 in Dodging
   715 | D        | Reached XP level 6. HP: 34/51 MP: 0/0
   716 | D        | Killed a floating eye
   716 | D        | Reached *** piety under Makhleb
   717 | D        | Reached skill level 7 in Fighting
   721 | D        | Killed a warg
   722 | D        | Reached skill level 5 in Invocations
   722 | D        | Reached XP level 7. HP: 38/58 MP: 0/0
   722 | D        | Learned a level 2 spell: Corpse Rot
   734 | D        | Reached **** piety under Makhleb
   964 | D        | Noticed a fire bat
   967 | D        | Killed a fire bat
   968 | D        | Reached skill level 8 in Fighting
  1335 | D        | Noticed Erolcha
  1343 | D        | Killed Erolcha
  1344 | D        | Reached skill level 9 in Fighting
  1344 | D        | Reached skill level 5 in Armour
  1344 | D        | Reached XP level 8. HP: 52/67 MP: 0/0
  1788 | D        | Upgraded the game from 0.27-a0-869-g165b36e3f0 to
                  | 0.27-a0-887-gcab673c142
  1792 | D        | Reached ***** piety under Makhleb
  1963 | D        | Noticed a flying skull
  1963 | D        | Noticed a cane toad
  1963 | D        | Noticed a jumping spider
  1968 | D        | Killed a cane toad
  1969 | D        | Reached skill level 10 in Fighting
  1969 | D        | Reached skill level 5 in Long Blades
  1969 | D        | Reached XP level 9. HP: 69/74 MP: 0/0
  1969 | D        | Learned a level 3 spell: Conjure Flame
  1980 | D        | Killed a jumping spider
  2122 | D        | Reached ****** piety under Makhleb
  2143 | D        | Noticed a tyrant leech
  2154 | D        | Killed a tyrant leech
  2155 | D        | Reached skill level 11 in Fighting
  2155 | D        | Reached skill level 10 in Spellcasting
  2297 | D        | Noticed a phantasmal warrior
  2315 | D        | Killed a phantasmal warrior
  2594 | D        | Reached XP level 10. HP: 73/83 MP: 0/0
  2621 | D        | Noticed an orange demon
  2633 | D        | Killed an orange demon
  2923 | D        | Noticed a bog body
  2926 | D        | Reached skill level 10 in Dodging
  2935 | D        | Killed a bog body
  2936 | D        | Reached skill level 12 in Fighting
  3277 | D        | Noticed a black mamba
  3287 | D        | Killed a black mamba
  3298 | D        | Noticed an orc sorcerer
  3303 | D        | Killed an orc sorcerer
  3315 | D        | Reached XP level 11. HP: 90/90 MP: 0/0
  3315 | D        | Learned a level 5 spell: Fireball
  3325 | D        | Reached skill level 10 in Invocations
  3329 | D        | Slain by a freezing wraith

Illustrated notes

Levels and vault maps discovered:
D:        pitsprint [storerooms_1, entrance_room_1, metal_vault_6, armoury_3,
          mini_pit_1, grid_room_1, main_hall_1, silver_pit, the_coven_3,
          the_vestibule_1, steel_vault_2, golden_pit, hallway_of_sentries,
          crystal_vault_2, iron_vault_3, final_vault]

Skill      XL: |  1  2  3  4  5  6  7  8  9 10 11 |
---------------+----------------------------------+-----
Fighting       | 1 2 5 6 7 9 10 11 12 | 12.5
Stealth        | 2 3 |  3.9
Spellcasting   | 4 6 7 8 9 10 11 | 11.3
Invocations    | 1 3 4 5 6 7 8 9 10 | 10.0
Dodging        | 3 4 5 6 7 9 10 11 | 11.0
Long Blades    | 1 3 4 5 6 8 |  8.3
Armour         | 1 3 5 7 8 9 |  9.0

Action                   |  1- 3 |  4- 6 |  7- 9 | 10-12 || total
-------------------------+-------+-------+-------+-------++-------
Melee: Falchion          |     6 |       |       |       ||     6
       Long sword        |       |    13 |    19 |    11 ||    43
       Scimitar          |       |       |    17 |    56 ||    73
 Cast: Freeze            |    18 |     1 |       |       ||    19
       Frozen Ramparts   |       |     1 |     9 |    12 ||    22
       Ozocubu's Armour  |       |       |     5 |     1 ||     6
       Searing Ray       |       |       |     2 |       ||     2
       Foxfire           |       |       |     8 |     6 ||    14
       Hailstorm         |       |       |     3 |     1 ||     4
  Use: Potion            |       |     2 |     2 |     5 ||     9
Armor: Robe              |     3 |       |       |       ||     3
       Scale mail        |       |     7 |     9 |       ||    16
       Ring mail         |       |       |     3 |    25 ||    28
Dodge: Dodged            |    20 |     5 |    30 |    72 ||   127
       Rpst.: Falchion   |     7 |       |       |       ||     7
       Long sword        |       |     2 |     4 |     1 ||     7
       Scimitar          |       |       |     3 |    18 ||    21

Table legend: (Time is in decaauts)
 A = Elapsed time spent in this place.
 B = Non-inter-level travel time spent in this place.
 C = Inter-level travel time spent in this place.
 D = Time resting spent in this place.
 E = Time spent auto-exploring this place.
 F = Levels seen in this place.
 G = Mean time per level.
                   A        B        C        D        E       F      G
               +--------+--------+--------+--------+--------+-----+--------+
         Total |   3354 |   3270 |     84 |   2570 |      0 |   1 | 3354.0 |
       Dungeon |   3354 |   3270 |     84 |   2570 |      0 |   1 | 3354.0 |
               +--------+--------+--------+--------+--------+-----+--------+

Top non-repeatable levels by time:
       D: 3354 daAuts
